 Dungeon Crawl Stone Soup version 0.29-a0-451-gfbfa42419e (webtiles) character file.

Game seed: 389210061392671451

6913 Ijustatesigmund the Magician (level 11, -1/81 HPs)
             Began as a Gnoll Fire Elementalist on May 19, 2022.
             Was a Follower of Cheibriados.
             Succumbed to a hornet's poison
             ... on level 8 of the Dungeon.
             The game lasted 00:29:46 (13970 turns).

Ijustatesigmund the Magician (GnFE)                Turns: 13970, Time: 00:29:47

Health: -1/81      AC:  6    Str: 10    XL:     11   Next: 7%
Magic:  31/31      EV: 15    Int: 20    God:    Cheibriados [*.....]
Gold:   616        SH:  0    Dex: 15    Spells: 8/25 levels left

rFire   . . .      SeeInvis .   e - +3 broad axe (elec)
rCold   . . .      Faith    .   (no shield)
rNeg    . . .      Spirit   .   a - +0 robe
rPois   .          Reflect  .   (no helmet)
rElec   .          Harm     .   s - scarf {repulsion}
rCorr   .          Rampage  .   u - +1 pair of gloves
Will    +....                   v - +0 pair of boots
Stlth   ++++......              (no amulet)
HPRegen 0.23/turn               k - ring of magical power
MPRegen 0.22/turn               r - ring of willpower

@: lethally poisoned (-1 -> -22), slowed, repel missiles, very slow
A: fangs 1, strong nose, distributed training
a: Renounce Religion, Bend Time


You were on level 8 of the Dungeon.
You worshipped Cheibriados.
Cheibriados was aware of your devotion.
You visited 2 branches of the dungeon, and saw 10 of its levels.

You collected 616 gold pieces.

Inventory:

Hand Weapons
 e - a +3 broad axe of electrocution (weapon)
Armour
 a - a +0 robe (worn)
 d - a +1 pair of gloves
 s - a scarf of repulsion (worn)
 u - a +1 pair of gloves (worn)
 v - a +0 pair of boots (worn)
Jewellery
 k - a ring of magical power (left hand)
 r - a ring of willpower (right hand)
Wands
 n - a wand of polymorph (13)
Scrolls
 f - 4 scrolls of identify
 h - a scroll of magic mapping
 j - 2 scrolls of teleportation
 o - 2 scrolls of poison
 p - a scroll of silence
 w - a scroll of enchant armour
 x - a scroll of blinking
Potions
 b - 3 potions of magic
 c - 2 potions of lignification
 g - a potion of ambrosia
 i - a potion of might
 m - 2 potions of flight
 q - a potion of attraction
 t - 2 potions of brilliance
 z - a potion of curing


   Skills:
 + Level 5.9 Fighting
 + Level 5.9 Short Blades
 + Level 5.9 Long Blades
 + Level 5.9 Axes
 + Level 5.9 Maces & Flails
 + Level 5.9 Polearms
 + Level 5.9 Staves
 + Level 5.9 Slings
 + Level 5.9 Bows
 + Level 5.9 Crossbows
 + Level 5.9 Throwing
 + Level 5.9 Armour
 + Level 7.5 Dodging
 + Level 7.3 Stealth
 + Level 5.9 Shields
 + Level 5.9 Unarmed Combat
 + Level 7.8 Spellcasting
 + Level 5.4 Conjurations
 + Level 4.9 Hexes
 + Level 4.9 Summonings
 + Level 4.9 Necromancy
 + Level 4.9 Translocations
 + Level 4.9 Transmutations
 + Level 7.4 Fire Magic
 + Level 4.9 Ice Magic
 + Level 4.9 Air Magic
 + Level 4.9 Earth Magic
 + Level 4.9 Poison Magic
 + Level 6.5 Invocations
 + Level 5.9 Evocations


You had 8 spell levels left.
You knew the following spells:

 Your Spells              Type           Power      Damage    Failure   Level
a - Foxfire               Conj/Fire      100%       2x1d9     1%          1
b - Scorch                Fire           74%        2d8       1%          2
c - Flame Wave            Conj/Fire      33%        2d8       6%          4
e - Blink                 Tloc           54%        N/A       1%          2
f - Ignite Poison         Fire/Tmut/Pois 30%        N/A       2%          3
g - Freezing Cloud        Conj/Ice/Air   14%        6-21      30%         5

Your spell library contained the following spells:

 Spells                   Type           Power      Damage    Failure   Level
 Necrotize                Necr           100%       1d9       1%          1
 Ensorcelled Hibernation  Hex/Ice        54%        N/A       1%          2
 Sublimation of Blood     Necr           27%        N/A       1%          2
 Conjure Flame            Conj/Fire      33%        6-21      1%          3
 Inner Flame              Hex/Fire       32%        N/A       1%          3
 Lesser Beckoning         Tloc           27%        N/A       3%          3
 Mephitic Cloud           Conj/Pois/Air  28%        N/A       3%          3
 Portal Projectile        Hex/Tloc       54%        N/A       3%          3
 Spider Form              Tmut/Pois      27%        N/A       3%          3
 Tukima's Dance           Hex            27%        N/A       3%          3
 Vampiric Draining        Necr           27%        2d7       3%          3
 Anguish                  Hex/Necr       13%        N/A       12%         4
 Petrify                  Tmut/Erth      27%        N/A       12%         4
 Irradiate                Conj/Tmut      14%        3d18      28%         5
 Agony                    Necr           27%        N/A       32%         5
 Blade Hands              Tmut           13%        N/A       32%         5
 Manifold Assault         Tloc           27%        N/A       32%         5
 Dragon Form              Tmut           13%        N/A       100%        7
 Storm Form               Tmut/Air       13%        N/A       100%        7


Dungeon Overview and Level Annotations

Branches:
Dungeon (9/15)             Temple (1/1) D:4
   Lair: D:8-11         Orc: D:9-12

Altars:
Ashenzari
Cheibriados
Dithmenos
Elyvilon
Fedhas
Gozag
Kikubaaqudgha
Makhleb
Nemelex Xobeh
Okawaru
Qazlal
Ru
Sif Muna
Trog
Uskayaw
Vehumet
Wu Jian
Yredelemnul
Zin
The Shining One

Shops:
D:6 (

Annotations:
D:5 2 runed translucent doors, Opifex's ghost, amateur OpFi
D:7 1 runed translucent door


Innate Abilities, Weirdness & Mutations

You have very sharp teeth.
Your uncanny sense of smell can sniff out nearby items.
Your experience applies equally to all skills.


Message History

You open the door.
A hornet comes into view.
There is an open door here.
The hornet buzzes angrily.
There is a stone staircase leading up here.
Casting: Flame Wave (dangerous; 6% risk of failure)
Confirm with . or Enter, or press ? or * to list all spells.
Flames lash the hornet.
The hornet is lightly wounded.
The hornet's fire resistance burns away.
The hornet stings you!
You are poisoned.
You feel yourself slow down.
You feel very sick. The hornet stings you!
You feel as though you will be slow longer.
The hornet stings you!
You are more poisoned.
You suddenly lose the ability to move!
You feel very sick.
The hornet is no longer more vulnerable to fire.
The hornet stings you!
You are more poisoned.
You feel as though you will be slow longer.
The hornet stings you.
You feel as though you will be slow longer.
You feel very sick. The hornet stings you.
* * * LOW HITPOINT WARNING * * *
You are more poisoned.
You feel as though you will be slow longer.
You can move again.
As you read the scroll of fear, it crumbles to dust.
You assume a fearsome visage.
The hornet looks frightened!
* * * LOW HITPOINT WARNING * * *
You feel extremely sick.
* * * LOW HITPOINT WARNING * * *
You feel extremely sick.
You climb upwards.
You die...

........................#####....
........................# ####.
........................# ##
.............#..........# #
........................#########
.................................
..........#####........##########
##.....##........................
####.....####..@.......####.....
#####.####..............^....
#...............####.....
###.............# #.....
#............## ######
#...........## #.........###
#.........# #.........#


There were no monsters in sight!

Vanquished Creatures
  A hydra (D:7)
  Erica (D:8)
  A deep elf pyromancer (D:7)
  A cyclops (D:7)
  A troll (D:7)
  2 slime creatures (D:7)
  Sigmund (D:2)
  A wyvern (D:8)
  Eustachio (D:4)
  A steam dragon (D:9)
  Menkaure (D:5)
  An acid dragon (D:7)
  4 water moccasins
  3 orc warriors (D:7)
  3 ice beasts
  A black bear (D:4)
  4 ogres
  2 centaurs (D:7)
  2 phantoms
  Blork the orc (D:5)
  2 kobold brigands
  2 scorpions
  A necrophage (D:7)
  7 wights
  6 killer bees (D:9)
  2 howler monkeys
  4 hounds
  A jelly (D:6)
  A gnoll shaman (D:8)
  4 orc priests
  4 iguanas
  4 orc wizards
  4 gnolls
  7 adders
  2 white imps
  An ufetubus (D:5)
  2 dart slugs
  16 orcs
  6 bats
  2 endoplasms
  6 giant cockroaches
  10 goblins
  7 hobgoblins
  3 jackals (D:2)
  4 quokkas
  9 ball pythons
  2 frilled lizards
  9 kobolds
  4 rats
165 creatures vanquished.

Vanquished Creatures (others)
  235 foxfires
235 creatures vanquished.

Grand Total: 400 creatures vanquished

Notes
Turn   | Place    | Note
-------+----------+-------------------------------------------
     0 | D:1      | Ijustatesigmund the Gnoll Fire Elementalist began the quest
                  | for the Orb.
     0 | D:1      | Reached XP level 1. HP: 13/13 MP: 6/6
   318 | D:1      | Found a faded altar of an unknown god.
   373 | D:1      | Reached XP level 2. HP: 19/19 MP: 4/7
   376 | D:1      | Learned a level 2 spell: Scorch
  1247 | D:2      | Reached XP level 3. HP: 25/25 MP: 6/9
  1380 | D:2      | Reached skill level 5 in Spellcasting
  1385 | D:2      | Noticed Sigmund
  1717 | D:3      | Reached skill level 1 in Invocations
  1987 | D:3      | Found a white marble altar of Elyvilon.
  2108 | D:3      | Found an iron altar of Okawaru.
  2145 | D:3      | Reached skill level 1 in Fighting
  2145 | D:3      | Reached skill level 1 in Short Blades
  2145 | D:3      | Reached skill level 1 in Long Blades
  2145 | D:3      | Reached skill level 1 in Axes
  2145 | D:3      | Reached skill level 1 in Maces & Flails
  2145 | D:3      | Reached skill level 1 in Polearms
  2145 | D:3      | Reached skill level 1 in Staves
  2145 | D:3      | Reached skill level 1 in Slings
  2145 | D:3      | Reached skill level 1 in Bows
  2145 | D:3      | Reached skill level 1 in Crossbows
  2145 | D:3      | Reached skill level 1 in Throwing
  2145 | D:3      | Reached skill level 1 in Armour
  2145 | D:3      | Reached skill level 1 in Shields
  2145 | D:3      | Reached skill level 1 in Unarmed Combat
  2145 | D:3      | Reached skill level 1 in Evocations
  2241 | D:3      | Found an ornate altar of the Wu Jian Council.
  2369 | D:4      | Reached XP level 4. HP: 32/32 MP: 8/11
  2374 | D:4      | Learned a level 4 spell: Flame Wave
  2592 | D:4      | Reached skill level 1 in Hexes
  2592 | D:4      | Reached skill level 1 in Summonings
  2592 | D:4      | Reached skill level 1 in Necromancy
  2592 | D:4      | Reached skill level 1 in Translocations
  2592 | D:4      | Reached skill level 1 in Transmutations
  2592 | D:4      | Reached skill level 1 in Ice Magic
  2592 | D:4      | Reached skill level 1 in Air Magic
  2592 | D:4      | Reached skill level 1 in Earth Magic
  2592 | D:4      | Reached skill level 1 in Poison Magic
  2623 | D:4      | Reached XP level 5. HP: 36/37 MP: 4/12
  2700 | D:4      | Noticed a black bear
  2711 | D:4      | Killed a black bear
  3015 | D:4      | Found a staircase to the Ecumenical Temple.
  3026 | D:4      | Noticed Eustachio
  3046 | D:4      | Killed Eustachio
  3047 | D:4      | Reached skill level 5 in Dodging
  3047 | D:4      | Reached XP level 6. HP: 37/44 MP: 3/14
  3323 | D:5      | Entered Level 5 of the Dungeon
  3409 | D:5      | Noticed Menkaure
  3446 | D:5      | Reached XP level 7. HP: 40/51 MP: 2/15
  3565 | D:5      | Killed Menkaure
  3708 | D:5      | Noticed Blork the orc
  4251 | D:2      | Reached skill level 5 in Stealth
  4330 | D:2      | Found a blossoming altar of Fedhas.
  4666 | D:2      | Killed Sigmund
  4667 | D:2      | Reached XP level 8. HP: 48/57 MP: 7/16
  4869 | D:5      | Killed Blork the orc
  5305 | D:5      | Found an opulent altar of Gozag.
  6059 | D:5      | Found a large runed translucent door.
  6060 | D:5      | Found a large runed translucent door.
  6063 | D:5      | Noticed Opifex's ghost (amateur OpFi)
  6363 | D:6      | Learned a level 1 spell: Necrotize
  6366 | D:6      | Learned a level 2 spell: Blink
  6470 | D:6      | Found a glowing silver altar of Zin.
  6502 | D:6      | Reached XP level 9. HP: 26/65 MP: 10/18
  7576 | D:7      | Learned a level 3 spell: Ignite Poison
  7665 | D:6      | Found a sacrificial altar of Ru.
  7832 | D:6      | Found Icsefoyb's Weapon Shoppe.
  8672 | D:7      | Noticed a troll
  8693 | D:7      | Killed a troll
  8694 | D:7      | Reached skill level 5 in Invocations
  9439 | D:7      | Found a runed translucent door.
  9468 | D:7      | Reached XP level 10. HP: 22/73 MP: 19/20
  9731 | D:7      | Noticed a deep elf pyromancer
  9758 | D:7      | Killed a deep elf pyromancer
  9759 | D:7      | Reached skill level 5 in Fighting
  9759 | D:7      | Reached skill level 5 in Short Blades
  9759 | D:7      | Reached skill level 5 in Long Blades
  9759 | D:7      | Reached skill level 5 in Axes
  9759 | D:7      | Reached skill level 5 in Maces & Flails
  9759 | D:7      | Reached skill level 5 in Polearms
  9759 | D:7      | Reached skill level 5 in Staves
  9759 | D:7      | Reached skill level 5 in Slings
  9759 | D:7      | Reached skill level 5 in Bows
  9759 | D:7      | Reached skill level 5 in Crossbows
  9759 | D:7      | Reached skill level 5 in Throwing
  9759 | D:7      | Reached skill level 5 in Armour
  9759 | D:7      | Reached skill level 5 in Shields
  9759 | D:7      | Reached skill level 5 in Unarmed Combat
  9759 | D:7      | Reached skill level 5 in Evocations
 10444 | D:7      | Noticed a cyclops
 10581 | D:7      | Noticed a six-headed hydra
 10584 | D:7      | Killed a cyclops
 10590 | D:7      | HP: 1/111 [six-headed hydra (8)]
 10591 | D:7      | Killed a six-headed hydra
 10592 | D:7      | Reached skill level 5 in Conjurations
 11153 | D:8      | Learned a level 5 spell: Freezing Cloud
 11245 | Temple   | Entered the Ecumenical Temple
 11483 | Temple   | Became a worshipper of Cheibriados the Contemplative
 12927 | D:8      | Noticed Erica
 12944 | D:8      | Killed Erica
 12945 | D:8      | Reached XP level 11. HP: 4/81 MP: 22/22
 13454 | D:9      | Reached * piety under Cheibriados
 13785 | D:9      | Identified the +6 mace of the Endless Expanse {elec, rF++
                  | rC+ Int-5}
 13965 | D:9      | Paralysed by a hornet for 3 turns
 13970 | D:8      | Succumbed to a hornet's poison

Illustrated notes

Levels and vault maps discovered:
D:1:      ebering_trefoil_3fold, layout_loops_corners,
          nicolae_ecumenical_snake_handling
D:2:      layout_basic, basic_altar, chequers_serial_rivers_micro_c,
          guppyfry_early_orc_mine, uniq_sigmund
D:3:      layout_rooms, elyvilon_altar_5, nicolae_wu_jian_immortal_techniques,
          okawaru_ov_weapons_minmay, serial_glass, glass_columns_b,
          glass_columns_c, glass_columns_c, glass_columns_a, glass_columns_b,
          glass_columns_c, minmay_misc_feat_room
D:4:      layout_cave_pools, minmay_temple_entry_junction_2, nrook_campfire,
          uniq_eustachio
D:5:      layout_loops_ring, mainiacjoe_overflow_tiny_flanked,
          ebering_ghost_disaster_area, uniq_blork_the_orc, uniq_menkaure
D:6:      layout_loops_ring, general_overflow_altar, zin_academy, serial_shops,
          nicolae_shop_behind_doors, minmay_misc_feat_tower, st_stairs_4,
          minmay_misc_feat_ornament
D:7:      minmay_the_grid_four_pointed_star
          [minmay_the_grid_triangle_9x9_checkered,
          minmay_the_grid_triangle_9x9_warning,
          minmay_the_grid_triangle_9x9_subtriangle,
          minmay_the_grid_triangle_9x9_empty,
          minmay_the_grid_prize_four_corners_diamond_b], layout_gridville,
          tgw_xom
D:8:      layout_rooms, uniq_erica
D:9:      layout_basic, nicolae_hepliaklqana_hippocampus, orc_david_3,
          minivault_16, nicolae_zen_rock_garden
Temple:   dpeg_chambers_temple

Skill      XL: |  1  2  3  4  5  6  7  8  9 10 |
---------------+-------------------------------+-----
Conjurations   | 2 3 4 5 |  5.4
Spellcasting   | 5 6 7 |  7.8
Invocations    | 1 2 3 4 5 6 |  6.5
Fighting       | 1 2 3 4 5 |  5.9
Short Blades   | 1 2 3 4 5 |  5.9
Long Blades    | 1 2 3 4 5 |  5.9
Axes           | 1 2 3 4 5 |  5.9
Maces & Flails | 1 2 3 4 5 |  5.9
Polearms       | 1 2 3 4 5 |  5.9
Staves         | 1 2 3 4 5 |  5.9
Slings         | 1 2 3 4 5 |  5.9
Bows           | 1 2 3 4 5 |  5.9
Crossbows      | 1 2 3 4 5 |  5.9
Throwing       | 1 2 3 4 5 |  5.9
Armour         | 1 2 3 4 5 |  5.9
Shields        | 1 2 3 4 5 |  5.9
Unarmed Combat | 1 2 3 4 5 |  5.9
Evocations     | 1 2 3 4 5 |  5.9
Hexes          | 1 2 3 4 |  4.9
Summonings     | 1 2 3 4 |  4.9
Necromancy     | 1 2 3 4 |  4.9
Translocations | 1 2 3 4 |  4.9
Transmutations | 1 2 3 4 |  4.9
Ice Magic      | 1 2 3 4 |  4.9
Air Magic      | 1 2 3 4 |  4.9
Earth Magic    | 1 2 3 4 |  4.9
Poison Magic   | 1 2 3 4 |  4.9
Dodging        | 5 6 7 |  7.5
Stealth        | 5 6 7 |  7.3
Fire Magic     | 6 7 |  7.4

Action                   |  1- 3 |  4- 6 |  7- 9 | 10-12 || total
-------------------------+-------+-------+-------+-------++-------
Melee: Rapier            |    16 |    15 |    85 |     2 ||   118
       Bite              |       |     1 |     5 |     7 ||    13
       Punch             |       |       |     1 |     6 ||     7
       Broad axe         |       |       |       |    48 ||    48
 Cast: Foxfire           |    67 |    13 |    45 |    29 ||   154
       Scorch            |     6 |    23 |    61 |    11 ||   101
       Flame Wave        |       |       |    16 |    16 ||    32
       Necrotize         |       |       |     3 |     2 ||     5
       Blink             |       |       |     1 |       ||     1
Evoke: Wand              |       |       |     5 |     1 ||     6
  Use: Scroll            |     3 |     7 |     8 |     7 ||    25
       Potion            |       |     1 |     4 |     3 ||     8
 Stab: Sleeping          |       |       |    10 |     2 ||    12
       Paralysed         |       |       |     3 |     2 ||     5
       Distracted        |       |       |       |     1 ||     1
Armor: Robe              |     6 |     6 |    24 |    16 ||    52
       Skin              |       |    34 |       |    27 ||    61
Dodge: Dodged            |    18 |    38 |   100 |    69 ||   225

Table legend: (Time is in decaauts)
 A = Elapsed time spent in this place.
 B = Non-inter-level travel time spent in this place.
 C = Inter-level travel time spent in this place.
 D = Time resting spent in this place.
 E = Time spent auto-exploring this place.
 F = Levels seen in this place.
 G = Mean time per level.
                   A        B        C        D        E       F      G
               +--------+--------+--------+--------+--------+-----+--------+
         Total |  14298 |  13104 |   1194 |   5114 |   6342 |  10 | 1429.8 |
       Dungeon |  14033 |  12901 |   1132 |   5114 |   6151 |   9 | 1559.2 |
        Temple |    265 |    204 |     61 |      0 |    191 |   1 |  265.0 |
               +--------+--------+--------+--------+--------+-----+--------+

Top non-repeatable levels by time:
     D:7: 3709 daAuts
     D:5: 2038 daAuts
     D:6: 1898 daAuts
     D:8: 1409 daAuts
     D:4: 1231 daAuts
     D:1: 1217 daAuts
     D:2: 1181 daAuts
     D:3: 1023 daAuts
     D:9: 323 daAuts
  Temple: 265 daAuts
